 Dungeon Crawl Stone Soup version 0.31-a0-210-gccc998df9b (webtiles) character file.

Game seed: 14670107693386593577

94580 qw the Marksminotaur (level 15, -11/139 (147) HPs)
             Began as a Minotaur Hexslinger on June 29, 2023.
             Was a Priest of Okawaru.
             Mangled by a large abomination (18 damage)
             ... summoned by Mlioglotl
             ... on level 1 of the Shoals.
             The game lasted 00:11:48 (22645 turns).

qw the Marksminotaur (Minotaur Hexslinger)         Turns: 22645, Time: 00:11:49

HP:   -11/139 (147) AC: 11    Str: 13    XL:     15   Next: 63%
MP:   21/21         EV: 33    Int: 12    God:    Okawaru [***...]
Gold: 422           SH:  0    Dex: 23    Spells: 15/16 levels left

rFire   . . .        w - +0 longbow
rCold   . . .        (shield currently unavailable)
rNeg    . . .        d - +0 troll leather armour
rPois   +            (helmet restricted)
rElec   .            r - +2 cloak
rCorr   +            s - +0 pair of fencer's gloves {Riposte Dex+3}
SInv    +            (no boots)
Will    ++...        m - amulet of the acrobat
Stlth   +++          t - ring of Equivalence {Drain Will+ rCorr Int+2 SInv}
HPRegen 1.23/turn    e - +5 ring of evasion
MPRegen 0.17/turn

%: acrobat
@: about to teleport, afraid, heroic, slowed, drained, very slow
A: horns 2, retaliatory headbutt, mutation resistance 1, poison resistance
a: Renounce Religion, Heroism


You were on level 1 of the Shoals.
You worshipped Okawaru.
Okawaru was most pleased with you.
You visited 5 branches of the dungeon, and saw 24 of its levels.
You also visited: Ossuary.

You collected 2697 gold pieces.
You spent 2275 gold pieces at shops.


Innate Abilities, Weirdness & Mutations

You have a pair of horns on your head.
You reflexively headbutt those who attack you in melee.
You are somewhat resistant to further mutation.
Your system is resistant to poisons. (rPois)


   Skills:
 - Level 17.0(22.0) Fighting
 + Level 18.5(23.5) Ranged Weapons
 - Level 7.6(12.6) Armour
 - Level 15.0(20.0) Dodging
 - Level 1.0 Spellcasting
 - Level 2.0 Hexes
 - Level 10.0 Invocations


You had 15 spell levels left.
You knew the following spells:

 Your Spells              Type           Power      Damage    Failure   Level
a - Slow                  Hex            20%        N/A       16%         1

Your spell library contained the following spells:

 Spells                   Type           Power      Damage    Failure   Level
 Inner Flame              Hex/Fire       3%         N/A       56%         3
 Portal Projectile        Hex/Tloc       6%         N/A       56%         3
 Cause Fear               Hex            2%         N/A       83%         4

Inventory:

Hand Weapons
 w - a +0 longbow (weapon)
Armour
 d - a +0 troll leather armour (worn)
 j - the +4 robe "Luomafoof" {rPois SInv Stlth+}
   (Okawaru gifted it to you on level 5 of the Lair of Beasts)

   rPois:     It protects you from poison.
   SInv:      It lets you see invisible.
   Stlth:     It makes you more stealthy.
 r - a +2 cloak (worn)
 s - the +0 pair of fencer's gloves (worn) {Riposte Dex+3}
   (You found it on level 4 of the Lair of Beasts)

   Riposte:   It allows the wearer to riposte with melee weapons, swiftly
   retaliating against missed or blocked melee attacks.
   Dex:       It affects your dexterity (+3).
Jewellery
 e - a +5 ring of evasion (right hand)
 m - an amulet of the acrobat (around neck)
 t - the ring of Equivalence (left hand) {Drain Will+ rCorr Int+2 SInv}
   (You bought it in a shop on level 2 of the Orcish Mines)

   [ring of willpower]

   Int:       It affects your intelligence (+2).
   SInv:      It lets you see invisible.
   rCorr:     It protects you from acid and corrosion.
   Drain:     It drains your maximum health when unequipped.
   Will:      It increases your willpower.
 u - a +4 ring of protection
 Y - the ring "Uhuogami" {+Blink rF+ Dex+3 Slay-3 SInv}
   (You found it on level 12 of the Dungeon)

   [ring of see invisible]

   Dex:       It affects your dexterity (+3).
   Slay:      It affects your accuracy & damage with ranged weapons and melee
   (-3).
   rF:        It protects you from fire.
   SInv:      It lets you see invisible.
   +Blink:    It lets you blink.
Wands
 g - a wand of digging (1)
Scrolls
 a - 13 scrolls of identify
 i - 2 scrolls of teleportation
 p - 2 scrolls of enchant armour
Potions
 b - 8 potions of curing
 c - 3 potions of might
 h - 7 potions of mutation
 l - 3 potions of enlightenment
 o - 3 potions of resistance
 q - a potion of magic

Dungeon Overview and Level Annotations

Branches:
Dungeon (15/15)            Temple (1/1) D:6            Lair (5/5) D:11
 Shoals (1/4) Lair:2        Snake (0/4) Lair:3        Slime (0/5) Lair:4
    Orc (2/2) D:10            Elf (0/3) Orc:2        Vaults (0/5) D:14
 Depths (0/4) D:15        Ossuary (visited)

Altars:
Ashenzari
Cheibriados
Dithmenos
Elyvilon
Fedhas
Gozag
Hepliaklqana
Kikubaaqudgha
Makhleb
Nemelex Xobeh
Okawaru
Qazlal
Ru
Sif Muna
Trog
Uskayaw
Vehumet
Wu Jian
Xom
Yredelemnul
Zin
The Shining One
Jiyva

Shops:
D:3 [   D:9 ?   D:11 *   D:13 ?   Orc:1 :   Orc:2 =([!

Annotations:
D:8 Maggie
Lair:3 3 runed translucent doors, qw's ghost, journeyman GrFi
Shoals:1 Mlioglotl


Message History

You shoot an arrow.
The arrow hits Mlioglotl but does no damage.
Mlioglotl is moderately wounded.
Mlioglotl churns violently!
Mlioglotl radiates an aura of fear!
The raiju completely misses you.
You shoot an arrow.
The arrow hits Mlioglotl but does no damage.
Mlioglotl is moderately wounded.
Mlioglotl churns violently!
Mlioglotl seems to grow stronger.
You shoot an arrow. The arrow hits Mlioglotl.
Mlioglotl is moderately wounded.
The raiju completely misses you. You furiously retaliate!
You headbutt the raiju! The eidolon hits you! The eidolon drains your vigour!
You feel yourself slow down. The eidolon completely misses you.
The large abomination closely misses you.
Mlioglotl hits you!
Mlioglotl tramples you but does no damage.
You shoot an arrow.
The arrow hits Mlioglotl but does no damage.
Mlioglotl is moderately wounded.
The raiju completely misses you. You furiously retaliate!
You headbutt the raiju. The eidolon hits you. The eidolon drains your vigour!
You feel as though you will be slow longer.
The eidolon hits you but does no damage.
Mlioglotl hits you! Mlioglotl tramples you!!
You stumble backwards!
The large abomination completely misses you.
22645 ||| READING 3 scrolls of teleportation.
As you read the scroll of teleportation, it crumbles to dust.
You feel strangely unstable. Mlioglotl hits you but does no damage.
Mlioglotl completely misses you.
The ufetubus completely misses you. x2; The raiju bites you but does no damage.
The eidolon stares piercingly at you.
The bolt of negative energy hits Mlioglotl.
Mlioglotl completely resists.
The bolt of negative energy misses you.
The glowing orange brain pulsates.
The ufetubus hits you but does no damage.
The ufetubus hits you. Mlioglotl completely misses you.
Mlioglotl closely misses you. The large abomination hits you!!
You die...

~~~~~~.....~........#....~~~~
.~~~~~.?.~~........##....~~~~
..~~~~~~~~~.#####...#.#..~~~~
.~~~~~~~~~..### #.......~~~~~
.~~~~~~~~~...>###.......~~~~~
~~~~~~.....~......~~..~~~~~~
~~~~......#..3..~~~...~
~~~..##^....5X35~~~~~~~ ~~.#
######@XG5~....~~ ~.
#.XhW.......~ #..H.........~
..>...#........~
~.......####.$... ...##.....
#.... .~. #..... .... ..
..~~.. ...


You could see Mlioglotl (strong, scary), an eidolon (summoned, scary), a glowing
orange brain (summoned), a manticore (summoned), 2 large abominations, a smoke
demon (summoned), a raiju (summoned), a ynoxinul (summoned) and 3 ufetubi.

Vanquished Creatures
  An orc warlord (Orc:2)
  2 ettins
  Fannar (Lair:3)
  5 hydras
  6 centaur warriors
  2 two-headed ogres
  4 tengu warriors
  Urug (D:13)
  3 orc high priests (Orc:2)
  3 skysharks
  A deep troll (D:15)
  2 sea snakes (Shoals:1)
  A wizard (D:15)
  3 deep elf pyromancers
  2 orc knights
  A necromancer (D:15)
  3 orc sorcerers
  7 manticores
  7 cyclopes
  A wolf spider (Lair:5)
  11 ugly things
  Maurice (D:12)
  11 elephants
  Joseph (D:9)
  A black mamba (shapeshifter) (D:10)
  A torpor snail (Lair:3)
  A water nymph (Shoals:1)
  9 black mambas
  11 cane toads
  A guardian serpent (Lair:5)
  An unseen horror (shapeshifter) (D:14)
  Psyche (D:11)
  A gargoyle (D:14)
  A kobold demonologist (D:10)
  An efreet (D:13)
  An unseen horror (D:13)
  A yaktaur (shapeshifter) (D:13)
  7 komodo dragons
  A yaktaur (D:14)
  A rime drake (Lair:4)
  12 trolls
  2 wind drakes
  A wind drake (shapeshifter) (D:15)
  11 polar bears
  2 merfolk (Shoals:1)
  2 hornets (Lair:5)
  23 blink frogs
  11 dream sheep
  3 raiju (Lair:5)
  9 slime creatures
  Sigmund (D:5)
  A water elemental (Shoals:1)
  3 spriggans (Lair:5)
  A shadow (D:11)
  14 wyverns
  15 humans (D:14)
  2 wraiths
  39 yaks
  10 basilisks
  A redback (Lair:5)
  4 vampire mosquitoes
  Menkaure (D:4)
  4 steam dragons
  8 wargs
  3 nagas (Lair:3)
  25 water moccasins
  14 hell hounds (Lair:5)
  5 acid dragons
  35 orc warriors
  14 black bears
  7 ogres
  11 centaurs
  25 wolves
  2 phantoms
  5 kobold brigands
  2 elf zombies (Ossuary)
  5 gnoll sergeants
  8 bullfrogs
  4 scorpions
  An earth elemental (D:11)
  A wight (D:10)
  5 killer bees (D:9)
  7 howler monkeys
  2 crimson imps
  8 hounds
  6 jellies
  A human zombie (Ossuary)
  30 orc priests
  2 sleepcaps (D:6)
  26 orc wizards
  4 mummies (Ossuary)
  10 adders
  16 gnolls
  2 white imps
  2 ufetubi
  An adder zombie (Ossuary)
  3 worms
  101 orcs
  5 endoplasms
  6 giant cockroaches
  8 goblins
  9 hobgoblins
  2 jackals (D:1)
  17 kobolds
  8 quokkas
  10 ball pythons
  6 bats
  3 frilled lizards (D:2)
  A goblin zombie (Ossuary)
  2 jackal zombies (Ossuary)
  5 rats
  5 rat zombies (Ossuary)
780 creatures vanquished.

Notes
Turn   | Place    | Note
-------+----------+-------------------------------------------
     0 | D:1      | qw the Minotaur Hexslinger began the quest for the Orb.
     0 | D:1      | Reached XP level 1. HP: 16/16 MP: 1/1
     0 | D:1      | 0 ||| qw: Version: 0.3-a-24-g62f9e04
     0 | D:1      | 0 ||| qw: Game counter: 6719
     0 | D:1      | 0 ||| qw: Melee chars always use a shield: true
     0 | D:1      | 0 ||| qw: God list: Okawaru
     0 | D:1      | 0 ||| qw: Allow faded altars: false
     0 | D:1      | 0 ||| qw: Do Orc after clearing Dungeon:15 true
     0 | D:1      | 0 ||| qw: Do second Lair branch before Depths: true
     0 | D:1      | 0 ||| qw: Lair rune preference: random
     0 | D:1      | 0 ||| qw: Goals: Normal
     0 | D:1      | 0 ||| PLANNING D:1-11
    29 | D:1      | 29 ||| FLEEEEING.
    30 | D:1      | 30 ||| FLEEEEING.
    31 | D:1      | 31 ||| FLEEEEING.
    32 | D:1      | 32 ||| FLEEEEING.
    33 | D:1      | 33 ||| FLEEEEING.
    34 | D:1      | 34 ||| FLEEEEING.
    35 | D:1      | 35 ||| FLEEEEING.
    36 | D:1      | 36 ||| FLEEEEING.
    37 | D:1      | 37 ||| FLEEEEING.
    38 | D:1      | 38 ||| FLEEEEING.
    39 | D:1      | 39 ||| FLEEEEING.
   196 | D:1      | Reached skill level 3 in Ranged Weapons
   196 | D:1      | Reached XP level 2. HP: 23/23 MP: 2/2
   297 | D:1      | 297 ||| FLEEEEING.
   332 | D:1      | 332 ||| FLEEEEING.
   333 | D:1      | 333 ||| FLEEEEING.
   336 | D:1      | 336 ||| FLEEEEING.
   337 | D:1      | 337 ||| FLEEEEING.
   483 | D:1      | Reached XP level 3. HP: 29/29 MP: 3/3
   868 | D:1      | 868 ||| UPGRADING to ring of positive energy.
   869 | D:1      | 869 ||| READING 2 scrolls labelled JAEMEMOTABE.
   870 | D:1      | 870 ||| DROPPING scroll of poison.
   985 | D:2      | Reached skill level 4 in Ranged Weapons
  1026 | D:2      | Identified the +1 cloak of the Alphagorgon {Regen+ Dex-4
                  | Stlth+}
  1366 | D:2      | Reached XP level 4. HP: 36/36 MP: 4/4
  1764 | D:2      | 1764 ||| UPGRADING to +1 cloak of the Alphagorgon {Regen+
                  | Dex-4 Stlth+}.
  1769 | D:2      | 1769 ||| READING 2 scrolls labelled DAROKY PAELAC.
  1774 | D:2      | 1774 ||| READING scroll labelled XIECYO SALUDGH.
  1775 | D:2      | 1775 ||| READING scroll labelled WEECON PABONNI.
  1776 | D:2      | 1776 ||| DRINKING 3 puce potions.
  1777 | D:2      | 1777 ||| DRINKING 3 viscous brown potions.
  1777 | D:2      | Gained mutation: Your system is resistant to poisons.
                  | (rPois) [potion of mutation]
  1777 | D:2      | Gained mutation: You are somewhat resistant to further
                  | mutation. [potion of mutation]
  1778 | D:2      | 1778 ||| READING 3 scrolls of identify.
  1778 | D:2      | 1778 ||| IDENTIFYING dark potion
  1779 | D:2      | 1779 ||| DROPPING potion of ambrosia.
  1897 | D:3      | Found a faded altar of an unknown god.
  1961 | D:3      | Reached skill level 5 in Ranged Weapons
  2057 | D:3      | Found Lyasm's Antique Armour Emporium.
  2066 | D:3      | 2066 ||| SHOPLISTING glowing ring mail (126 gold, have 93).
  2066 | D:3      | 2066 ||| SHOPLISTING pair of runed gloves (135 gold, have
                  | 93).
  2066 | D:3      | 2066 ||| SHOPLISTING shiny ring mail (126 gold, have 93).
  2239 | D:3      | 2239 ||| UPGRADING to +0 leather armour.
  2249 | D:3      | 2249 ||| DROPPING +0 robe.
  2250 | D:3      | 2250 ||| READING 2 scrolls labelled NOUDISTREJE.
  2264 | D:3      | 2264 ||| READING scroll labelled FIRHOR SAATHRU.
  2265 | D:3      | 2265 ||| READING scroll labelled GASHIXIONK.
  2266 | D:3      | 2266 ||| READING 4 scrolls of identify.
  2266 | D:3      | 2266 ||| IDENTIFYING glowing golden potion
  2267 | D:3      | 2267 ||| DROPPING scroll of torment.
  2268 | D:3      | 2268 ||| DROPPING potion of invisibility.
  2296 | D:4      | Noticed a scorpion
  2304 | D:4      | Killed a scorpion
  2305 | D:4      | Reached skill level 3 in Fighting
  2305 | D:4      | Reached XP level 5. HP: 46/46 MP: 5/5
  2360 | D:4      | Noticed Menkaure
  2372 | D:4      | HP: 8/46 [Menkaure/nerve-wracking pain (7)]
  2373 | D:4      | 2373 ||| READING scroll of teleportation.
  2376 | D:4      | Killed Menkaure
  2377 | D:4      | Reached skill level 6 in Ranged Weapons
  2377 | D:4      | Reached XP level 6. HP: 14/52 MP: 6/6
  2652 | D:4      | Noticed a water moccasin
  2664 | D:4      | Killed a water moccasin
  2665 | D:4      | Reached skill level 3 in Armour
  3343 | D:4      | Found a hide-covered altar of Uskayaw.
  3642 | D:4      | 3642 ||| UPGRADING to +0 pair of gloves.
  3647 | D:4      | 3647 ||| DRINKING 2 blue potions.
  3648 | D:4      | 3648 ||| READING 4 scrolls of identify.
  3648 | D:4      | 3648 ||| IDENTIFYING ruby potion
  3667 | D:5      | Entered Level 5 of the Dungeon
  3725 | D:5      | Reached skill level 7 in Ranged Weapons
  3725 | D:5      | Reached XP level 7. HP: 59/59 MP: 7/7
  3741 | D:5      | 3741 ||| READING scroll of enchant armour.
  3741 | D:5      | 3741 ||| ENCHANTING +0 pair of gloves.
  3747 | D:5      | Noticed Sigmund
  3749 | D:5      | 3749 ||| DRINKING 3 potions of curing.
  3749 | D:5      | 3749 ||| (to cure confusion)
  3754 | D:5      | 3754 ||| DRINKING 2 potions of curing.
  3754 | D:5      | 3754 ||| (to cure confusion)
  3759 | D:5      | Killed Sigmund
  3780 | D:5      | Reached skill level 8 in Ranged Weapons
  3960 | D:5      | 3960 ||| Stepping ~*~*~tactically~*~*~ (outnumbered).
  4007 | D:5      | 4007 ||| SWAPPING to +0 shortbow.
  4062 | D:5      | 4062 ||| DROPPING +1 sling.
  4078 | D:5      | 4078 ||| READING scroll of enchant armour.
  4078 | D:5      | 4078 ||| ENCHANTING +1 pair of gloves.
  4168 | D:5      | Reached XP level 8. HP: 64/68 MP: 8/8
  4362 | D:5      | Reached skill level 9 in Ranged Weapons
  4478 | D:5      | 4478 ||| READING scroll labelled FEARE OFIQIRUJY.
  4479 | D:5      | 4479 ||| READING 5 scrolls of identify.
  4479 | D:5      | 4479 ||| IDENTIFYING inky potion
  4480 | D:5      | 4480 ||| READING 4 scrolls of identify.
  4480 | D:5      | 4480 ||| IDENTIFYING brown potion
  4481 | D:5      | 4481 ||| READING 3 scrolls of identify.
  4481 | D:5      | 4481 ||| IDENTIFYING viscous dark potion
  4482 | D:5      | 4482 ||| DROPPING potion of berserk rage.
  4526 | D:6      | 4526 ||| PLANNING OSSUARY
  4585 | D:6      | Reached skill level 6 in Fighting
  4653 | D:6      | Found a sand-covered staircase.
  4654 | D:6      | 4654 ||| READING scroll labelled XUZXEELYATS.
  4662 | Ossuary  | Entered an ossuary
  4731 | Ossuary  | Reached skill level 10 in Ranged Weapons
  4742 | Ossuary  | Reached skill level 3 in Dodging
  4944 | Ossuary  | 4944 ||| UPGRADING to +4 ring of slaying {mikee}.
  4945 | Ossuary  | 4945 ||| READING scroll labelled KOWYNWEINI.
  4946 | Ossuary  | 4946 ||| DRINKING 3 fuming pink potions.
  4960 | D:6      | 4960 ||| PLANNING D:1-11
  5041 | D:6      | Identified the +5 falchion "Cic Faet" {spect, Fly Will+
                  | Str+3}
  5106 | D:6      | 5106 ||| Stepping ~*~*~tactically~*~*~ (outnumbered).
  5108 | D:6      | 5108 ||| Stepping ~*~*~tactically~*~*~ (outnumbered).
  5111 | D:6      | 5111 ||| Stepping ~*~*~tactically~*~*~ (outnumbered).
  5171 | D:6      | Found a staircase to the Ecumenical Temple.
  5172 | D:6      | 5172 ||| PLANNING TEMPLE
  5180 | Temple   | Entered the Ecumenical Temple
  5292 | Temple   | 5292 ||| PLANNING OKAWARU WORSHIP
  5323 | Temple   | Became a worshipper of Warmaster Okawaru
  5324 | Temple   | 5324 ||| PLANNING D:1-11
  5532 | D:6      | HP: 13/73 [steam dragon/ball of steam (23)]
  5533 | D:6      | 5533 ||| READING 5 scrolls of teleportation.
  5534 | D:6      | 5534 ||| DRINKING potion of heal wounds.
  5575 | D:6      | 5575 ||| Stepping ~*~*~tactically~*~*~ (cloud).
  5576 | D:6      | 5576 ||| Stepping ~*~*~tactically~*~*~ (cloud).
  5583 | D:6      | Reached XP level 9. HP: 79/79 MP: 9/9
  5869 | D:6      | 5869 ||| UPGRADING to amulet of the acrobat.
  5874 | D:6      | 5874 ||| READING 4 scrolls of identify.
  5874 | D:6      | 5874 ||| IDENTIFYING orange potion
  5875 | D:6      | 5875 ||| DROPPING potion of lignification.
  6072 | D:7      | 6072 ||| Stepping ~*~*~tactically~*~*~ (cloud).
  6084 | D:7      | HP: 19/79 [steam dragon] (4)]
  6085 | D:7      | 6085 ||| READING 4 scrolls of teleportation.
  6087 | D:7      | Reached skill level 11 in Ranged Weapons
  6278 | D:7      | Reached * piety under Okawaru
  6370 | D:7      | 6370 ||| INVOKING Heroism.
  6524 | D:7      | 6524 ||| Stepping ~*~*~tactically~*~*~ (outnumbered).
  6535 | D:7      | Reached skill level 1 in Invocations
  6796 | D:7      | 6796 ||| READING scroll labelled WANUUVA VUUCKAU.
  6910 | D:8      | 6910 ||| INVOKING Heroism.
  7029 | D:8      | 7029 ||| INVOKING Heroism.
  7031 | D:8      | HP: 18/79 [wyvern (17)]
  7032 | D:8      | Reached skill level 3 in Invocations
  7032 | D:8      | 7032 ||| READING 5 scrolls of teleportation.
  7032 | D:8      | HP: 7/79 [wyvern (12)]
  7033 | D:8      | 7033 ||| DRINKING 2 potions of heal wounds.
  7037 | D:8      | Reached skill level 12 in Ranged Weapons
  7143 | D:8      | Noticed Maggie
  7145 | D:8      | 7145 ||| DRINKING 4 potions of curing.
  7145 | D:8      | 7145 ||| (to cure confusion)
  7148 | D:8      | 7148 ||| DRINKING 3 potions of curing.
  7148 | D:8      | 7148 ||| (to cure confusion)
  7155 | D:8      | 7155 ||| DRINKING 2 potions of curing.
  7155 | D:8      | 7155 ||| (to cure confusion)
  7156 | D:8      | 7156 ||| INVOKING Heroism.
  7164 | D:8      | 7164 ||| UPGRADING to +0 acid dragon scales.
  7164 | D:8      | HP: 17/79 [Maggie/bolt of fire (21)]
  7165 | D:8      | 7165 ||| READING 4 scrolls of teleportation.
  7166 | D:8      | 7166 ||| DRINKING potion of heal wounds.
  7166 | D:8      | HP: 7/79 [Maggie/+2 glaive of flaming (6)]
  7167 | D:8      | 7167 ||| UPGRADING to +0 acid dragon scales.
  7231 | D:8      | 7231 ||| UPGRADING to +0 acid dragon scales.
  7241 | D:8      | 7241 ||| DROPPING +0 leather armour.
  7242 | D:8      | 7242 ||| UPGRADING to +2 cloak.
  7252 | D:8      | 7252 ||| DROPPING +1 cloak of the Alphagorgon {Regen+ Dex-4
                  | Stlth+}.
  7431 | D:9      | Noticed Joseph
  7442 | D:9      | 7442 ||| INVOKING Heroism.
  7446 | D:9      | Killed Joseph
  7580 | D:9      | Found an opulent altar of Gozag.
  7605 | D:9      | 7605 ||| INVOKING Heroism.
  7662 | D:9      | 7662 ||| SWAPPING to +0 arbalest.
  7664 | D:9      | 7664 ||| DROPPING +0 shortbow.
  7667 | D:9      | 7667 ||| INVOKING Heroism.
  7674 | D:9      | Reached XP level 10. HP: 88/88 MP: 9/12
  7686 | D:9      | 7686 ||| DRINKING 2 potions of curing.
  7686 | D:9      | 7686 ||| (to cure confusion)
  7742 | D:9      | 7742 ||| INVOKING Heroism.
  7908 | D:9      | 7908 ||| INVOKING Heroism.
  8100 | D:9      | Found Abby's Magic Scroll Shop.
  8117 | D:9      | 8117 ||| BUYING scroll of identify (22 gold).
  8117 | D:9      | Bought a scroll of identify for 22 gold pieces
  8117 | D:9      | 8117 ||| BUYING scroll of identify (22 gold).
  8117 | D:9      | Bought a scroll of identify for 22 gold pieces
  8117 | D:9      | 8117 ||| BUYING scroll of teleportation (33 gold).
  8117 | D:9      | Bought a scroll of teleportation for 33 gold pieces
  8163 | D:9      | 8163 ||| INVOKING Heroism.
  8166 | D:9      | 8166 ||| Stepping ~*~*~tactically~*~*~ (outnumbered).
  8280 | D:9      | Found a broken altar of Ashenzari.
  8310 | D:9      | 8310 ||| INVOKING Heroism.
  8349 | D:9      | Found a hazy altar of Hepliaklqana.
  8488 | D:9      | 8488 ||| Stepping ~*~*~tactically~*~*~ (outnumbered).
  8491 | D:9      | 8491 ||| Stepping ~*~*~tactically~*~*~ (outnumbered).
  8495 | D:9      | 8495 ||| Stepping ~*~*~tactically~*~*~ (outnumbered).
  8507 | D:9      | Reached skill level 13 in Ranged Weapons
  8660 | D:9      | Found a burning altar of Makhleb.
  8661 | D:9      | Found a shimmering altar of Xom.
  8690 | D:9      | 8690 ||| DROPPING ring of flight.
  8691 | D:9      | 8691 ||| READING scroll labelled YMPEGECOIM.
  8792 | D:9      | 8792 ||| DRINKING 3 purple potions.
  8793 | D:9      | 8793 ||| READING 6 scrolls of identify.
  8793 | D:9      | 8793 ||| IDENTIFYING green potion
  8794 | D:9      | 8794 ||| DROPPING potion of attraction.
  8795 | D:9      | 8795 ||| DROPPING 2 potions of degeneration.
  8808 | D:10     | Entered Level 10 of the Dungeon
  8816 | D:10     | 8816 ||| STAIRDANCE
  8900 | D:10     | 8900 ||| STAIRDANCE
  8976 | D:10     | 8976 ||| STAIRDANCE
  9090 | D:10     | 9090 ||| FLEEEEING.
  9091 | D:10     | 9091 ||| FLEEEEING.
  9094 | D:10     | Reached ** piety under Okawaru
  9100 | D:10     | Reached skill level 9 in Fighting
  9102 | D:10     | 9102 ||| INVOKING Heroism.
  9103 | D:10     | HP: 22/89 [wight/+7 spear (1)]
  9104 | D:10     | 9104 ||| READING 4 scrolls of teleportation.
  9108 | D:10     | HP: 12/91 [poisoned by a gnoll sergeant]
  9112 | D:10     | 9112 ||| READING 3 scrolls of teleportation.
  9115 | D:10     | 9115 ||| READING 2 scrolls of teleportation.
  9116 | D:10     | HP: 13/91 [wight/+7 spear (2)]
  9213 | D:10     | 9213 ||| INVOKING Heroism.
  9370 | D:10     | 9370 ||| INVOKING Heroism.
  9465 | D:10     | 9465 ||| INVOKING Heroism.
  9468 | D:10     | Reached skill level 14 in Ranged Weapons
  9542 | D:10     | 9542 ||| INVOKING Heroism.
  9546 | D:10     | Noticed a black mamba
  9551 | D:10     | Killed a black mamba
  9552 | D:10     | Reached XP level 11. HP: 80/99 MP: 11/13
  9722 | D:10     | Found a staircase to the Orcish Mines.
 10097 | D:10     | 10097 ||| UPGRADING to +0 troll leather armour.
 10107 | D:10     | 10107 ||| DROPPING +0 acid dragon scales.
 10108 | D:10     | 10108 ||| DROPPING +0 steam dragon scales.
 10119 | D:11     | Noticed a purple ugly thing
 10120 | D:11     | 10120 ||| INVOKING Heroism.
 10122 | D:11     | Noticed Psyche
 10126 | D:11     | Killed a purple ugly thing
 10127 | D:11     | Reached skill level 6 in Dodging
 10127 | D:11     | 10127 ||| STAIRDANCE
 10173 | D:11     | 10173 ||| DRINKING 3 potions of curing.
 10173 | D:11     | 10173 ||| (to cure confusion)
 10174 | D:11     | 10174 ||| DRINKING 2 potions of curing.
 10174 | D:11     | 10174 ||| (to cure confusion)
 10175 | D:11     | 10175 ||| INVOKING Heroism.
 10182 | D:11     | Noticed a red ugly thing
 10184 | D:11     | Killed Psyche
 10190 | D:11     | Killed a red ugly thing
 10290 | D:11     | Found Xeqomis's Pet Rocks.
 10292 | D:11     | 10292 ||| INVOKING Heroism.
 10519 | D:11     | 10519 ||| INVOKING Heroism.
 10521 | D:11     | Reached skill level 15 in Ranged Weapons
 10670 | D:11     | 10670 ||| INVOKING Heroism.
 10722 | D:11     | 10722 ||| INVOKING Heroism.
 10994 | D:11     | Found a staircase to the Lair.
 10997 | D:11     | 10997 ||| PLANNING LAIR
 10997 | D:11     | 10997 ||| DROPPING +6 ring of intelligence.
 10998 | D:11     | 10998 ||| READING scroll labelled MEUM GALOIB.
 11002 | Lair:1   | Entered Level 1 of the Lair of Beasts
 11008 | Lair:1   | 11008 ||| DRINKING potion of cancellation.
 11019 | Lair:1   | 11019 ||| STAIRDANCE
 11065 | Lair:1   | 11065 ||| INVOKING Heroism.
 11238 | Lair:1   | 11238 ||| INVOKING Heroism.
 11468 | Lair:1   | Reached skill level 16 in Ranged Weapons
 11600 | Lair:1   | Reached *** piety under Okawaru
 11717 | Lair:1   | 11717 ||| INVOKING Heroism.
 11920 | Lair:2   | Found a staircase to the Shoals.
 11921 | Lair:2   | 11921 ||| INVOKING Heroism.
 11943 | Lair:2   | 11943 ||| INVOKING Heroism.
 12028 | Lair:2   | Reached XP level 12. HP: 106/110 MP: 14/14
 12116 | Lair:2   | 12116 ||| INVOKING Heroism.
 12475 | Lair:2   | 12475 ||| READING scroll of enchant weapon.
 12475 | Lair:2   | 12475 ||| ENCHANTING +1 arbalest.
 12531 | Lair:2   | 12531 ||| INVOKING Heroism.
 12625 | Lair:2   | Reached **** piety under Okawaru
 12840 | Lair:2   | 12840 ||| DROPPING scarf of invisibility.
 12841 | Lair:2   | 12841 ||| READING scroll labelled ZIK EDUDAODA.
 12883 | Lair:3   | 12883 ||| INVOKING Heroism.
 12975 | Lair:3   | Reached skill level 17 in Ranged Weapons
 12977 | Lair:3   | 12977 ||| Stepping ~*~*~tactically~*~*~ (outnumbered).
 13013 | Lair:3   | Found a staircase to the Snake Pit.
 13084 | Lair:3   | Noticed a catoblepas
 13089 | Lair:3   | Found a runed translucent gate.
 13089 | Lair:3   | Found a runed translucent gate.
 13089 | Lair:3   | Found a runed translucent gate.
 13089 | Lair:3   | Noticed qw's ghost (journeyman GrFi)
 13089 | Lair:3   | Noticed a four-headed hydra
 13188 | Lair:3   | Noticed Fannar
 13200 | Lair:3   | Killed Fannar
 13280 | Lair:3   | 13280 ||| INVOKING Heroism.
 13283 | Lair:3   | Reached skill level 6 in Invocations
 13332 | Lair:3   | Reached ***** piety under Okawaru
 13375 | Lair:3   | 13375 ||| INVOKING Heroism.
 13513 | Lair:3   | 13513 ||| INVOKING Heroism.
 14091 | Lair:3   | 14091 ||| UPGRADING to ring of see invisible.
 14107 | Lair:4   | Found a stormy altar of Qazlal.
 14189 | Lair:4   | 14189 ||| INVOKING Heroism.
 14199 | Lair:4   | Received a gift from Okawaru
 14240 | Lair:4   | 14240 ||| INVOKING Heroism.
 14325 | Lair:4   | Reached XP level 13. HP: 116/116 MP: 17/17
 14376 | Lair:4   | Reached skill level 18 in Ranged Weapons
 14381 | Lair:4   | Found a staircase to the Slime Pits.
 14383 | Lair:4   | Found a viscous altar of Jiyva.
 14411 | Lair:4   | 14411 ||| INVOKING Heroism.
 14509 | Lair:4   | 14509 ||| READING scroll of enchant weapon.
 14509 | Lair:4   | 14509 ||| ENCHANTING +2 arbalest.
 14618 | Lair:4   | 14618 ||| INVOKING Heroism.
 14675 | Lair:4   | Found the +0 pair of fencer's gloves {Riposte Dex+3}
 15117 | Lair:4   | 15117 ||| UPGRADING to +0 pair of fencer's gloves {Riposte
                  | Dex+3}.
 15127 | Lair:4   | 15127 ||| DROPPING +2 pair of gloves.
 15179 | Lair:5   | Entered Level 5 of the Lair of Beasts
 15194 | Lair:5   | 15194 ||| INVOKING Heroism.
 15198 | Lair:5   | Reached skill level 9 in Invocations
 15209 | Lair:5   | Identified the +4 robe "Luomafoof" {rPois SInv Stlth+}
                  | (Okawaru gifted it to you on level 5 of the Lair of Beasts)
 15209 | Lair:5   | Received a gift from Okawaru
 15211 | Lair:5   | 15211 ||| INVOKING Heroism.
 15211 | Lair:5   | HP: 28/117 [elephant (5)]
 15212 | Lair:5   | 15212 ||| READING 3 scrolls of teleportation.
 15213 | Lair:5   | 15213 ||| DRINKING potion of heal wounds.
 15349 | Lair:5   | Reached skill level 9 in Dodging
 15376 | Lair:5   | Reached skill level 12 in Fighting
 15393 | Lair:5   | 15393 ||| INVOKING Heroism.
 15552 | Lair:5   | 15552 ||| INVOKING Heroism.
 15721 | Lair:5   | 15721 ||| INVOKING Heroism.
 15739 | Lair:5   | 15739 ||| INVOKING Heroism.
 15802 | Lair:5   | 15802 ||| INVOKING Heroism.
 15811 | Lair:5   | Reached skill level 6 in Armour
 15893 | Lair:5   | 15893 ||| INVOKING Heroism.
 16081 | Lair:5   | 16081 ||| Stepping ~*~*~tactically~*~*~ (outnumbered).
 16096 | Lair:5   | Received a gift from Okawaru
 16099 | Lair:5   | 16099 ||| FLEEEEING.
 16102 | Lair:5   | 16102 ||| FLEEEEING.
 16103 | Lair:5   | 16103 ||| FLEEEEING.
 16137 | Lair:5   | 16137 ||| INVOKING Heroism.
 16147 | Lair:5   | Reached XP level 14. HP: 129/129 MP: 18/20
 16164 | Lair:5   | 16164 ||| Stepping ~*~*~tactically~*~*~ (outnumbered).
 16197 | Lair:5   | 16197 ||| INVOKING Heroism.
 16293 | Lair:5   | 16293 ||| Stepping ~*~*~tactically~*~*~ (outnumbered).
 16295 | Lair:5   | 16295 ||| Stepping ~*~*~tactically~*~*~ (outnumbered).
 16304 | Lair:5   | 16304 ||| INVOKING Heroism.
 16709 | Lair:5   | 16709 ||| READING scroll of enchant weapon.
 16709 | Lair:5   | 16709 ||| ENCHANTING +3 arbalest.
 16828 | Lair:5   | 16828 ||| PLANNING D
 16828 | Lair:5   | 16828 ||| DROPPING +3 ring mail of poison resistance.
 16829 | Lair:5   | 16829 ||| DROPPING +1 leather armour of poison resistance.
 16830 | Lair:5   | 16830 ||| DROPPING ring of ice.
 16831 | Lair:5   | 16831 ||| DROPPING ring of positive energy.
 17118 | D:12     | 17118 ||| READING scroll of enchant weapon.
 17118 | D:12     | 17118 ||| ENCHANTING +4 arbalest.
 17167 | D:12     | Reached skill level 12 in Dodging
 17371 | D:12     | Identified the ring "Uhuogami" {+Blink rF+ Dex+3 Slay-3
                  | SInv}
 17417 | D:12     | Noticed Maurice
 17422 | D:12     | Killed Maurice
 17632 | D:12     | 17632 ||| UPGRADING to ring "Uhuogami" {+Blink rF+ Dex+3
                  | Slay-3 SInv}.
 17634 | D:12     | 17634 ||| DROPPING ring of see invisible.
 17635 | D:12     | 17635 ||| READING 11 scrolls of identify.
 17635 | D:12     | 17635 ||| IDENTIFYING lumpy green potion
 17696 | D:13     | 17696 ||| Stepping ~*~*~tactically~*~*~ (outnumbered).
 17711 | D:13     | 17711 ||| INVOKING Heroism.
 17832 | D:13     | Reached skill level 15 in Fighting
 17834 | D:13     | 17834 ||| INVOKING Heroism.
 17891 | D:13     | Identified the +3 scimitar of Okawaru's Outrage {holy,
                  | Str+2 Dex+4}
 18083 | D:13     | Noticed Urug
 18084 | D:13     | 18084 ||| INVOKING Heroism.
 18085 | D:13     | 18085 ||| INVOKING Finesse.
 18091 | D:13     | Killed Urug
 18277 | D:13     | 18277 ||| INVOKING Finesse.
 18309 | D:13     | Found Oshrij's Magic Scroll Shoppe.
 18351 | D:13     | 18351 ||| READING scroll labelled ICOACK REOXUI.
 18447 | D:14     | Received a gift from Okawaru
 18455 | D:14     | 18455 ||| INVOKING Heroism.
 18556 | D:14     | Found an ancient bone altar of Kikubaaqudgha.
 18655 | D:14     | 18655 ||| INVOKING Heroism.
 18743 | D:14     | 18743 ||| INVOKING Heroism.
 18907 | D:14     | 18907 ||| INVOKING Heroism.
 18931 | D:14     | HP: 34/136 [centaur warrior (7)]
 18932 | D:14     | 18932 ||| READING 4 scrolls of teleportation.
 18932 | D:14     | HP: 4/136 [yaktaur/bolt (23)]
 18933 | D:14     | 18933 ||| DRINKING 2 potions of heal wounds.
 18934 | D:14     | 18934 ||| DRINKING potion of heal wounds.
 19067 | D:14     | Found a shimmering altar of Xom.
 19144 | D:14     | 19144 ||| INVOKING Heroism.
 19207 | D:14     | Found a gate to the Vaults.
 19553 | D:15     | Entered Level 15 of the Dungeon
 19555 | D:15     | 19555 ||| STAIRDANCE
 19590 | D:15     | 19590 ||| STAIRDANCE
 19648 | D:15     | 19648 ||| STAIRDANCE
 19696 | D:15     | 19696 ||| STAIRDANCE
 19698 | D:14     | 19698 ||| INVOKING Heroism.
 19738 | D:15     | 19738 ||| STAIRDANCE
 19770 | D:15     | Reached XP level 15. HP: 143/144 MP: 21/21
 19881 | D:15     | 19881 ||| INVOKING Heroism.
 19885 | D:15     | 19885 ||| Stepping ~*~*~tactically~*~*~ (outnumbered).
 19886 | D:15     | 19886 ||| Stepping ~*~*~tactically~*~*~ (outnumbered).
 19996 | D:15     | Found a radiant altar of Vehumet.
 20147 | D:15     | 20147 ||| INVOKING Heroism.
 20171 | D:15     | Found a staircase to the Depths.
 20499 | D:15     | 20499 ||| READING scroll of enchant weapon.
 20499 | D:15     | 20499 ||| ENCHANTING +5 arbalest of draining.
 20708 | D:15     | 20708 ||| PLANNING ORC
 20812 | Orc:1    | Entered Level 1 of the Orcish Mines
 20812 | Orc:1    | Noticed a walking crystal tome
 20812 | Orc:1    | Noticed a walking earthen tome
 20812 | Orc:1    | Found Nekudur's Book Emporium.
 20819 | Orc:1    | Reached skill level 15 in Dodging
 20860 | Orc:1    | 20860 ||| FLEEEEING.
 20861 | Orc:1    | 20861 ||| FLEEEEING.
 21003 | Orc:2    | Entered Level 2 of the Orcish Mines
 21038 | Orc:2    | 21038 ||| Stepping ~*~*~tactically~*~*~ (outnumbered).
 21089 | Orc:2    | 21089 ||| INVOKING Heroism.
 21316 | Orc:2    | 21316 ||| Stepping ~*~*~tactically~*~*~ (outnumbered).
 21318 | Orc:2    | 21318 ||| Stepping ~*~*~tactically~*~*~ (outnumbered).
 21320 | Orc:2    | 21320 ||| Stepping ~*~*~tactically~*~*~ (outnumbered).
 21327 | Orc:2    | 21327 ||| INVOKING Heroism.
 21387 | Orc:2    | 21387 ||| INVOKING Heroism.
 21406 | Orc:2    | Found Lurgh's Jewellery Emporium.
 21411 | Orc:2    | 21411 ||| BUYING +5 ring of evasion (432 gold).
 21411 | Orc:2    | Bought a +5 ring of evasion for 432 gold pieces
 21411 | Orc:2    | 21411 ||| BUYING ring "Oxaffiq" {rCorr Int+5 SInv} (500
                  | gold).
 21411 | Orc:2    | Bought the ring "Oxaffiq" {rCorr Int+5 SInv} for 500 gold
                  | pieces
 21411 | Orc:2    | 21411 ||| BUYING ring of Equivalence {Drain Will+ rCorr
                  | Int+2 SInv} (484 gold).
 21411 | Orc:2    | Bought the ring of Equivalence {Drain Will+ rCorr Int+2
                  | SInv} for 484 gold pieces
 21434 | Orc:2    | Found a staircase to the Elven Halls.
 21526 | Orc:2    | 21526 ||| INVOKING Heroism.
 21617 | Orc:2    | 21617 ||| INVOKING Heroism.
 21634 | Orc:2    | Found Xaremev's Distillery.
 21639 | Orc:2    | 21639 ||| BUYING 2 potions of curing (90 gold).
 21639 | Orc:2    | Bought 2 potions of curing for 90 gold pieces
 21639 | Orc:2    | 21639 ||| BUYING potion of curing (45 gold).
 21639 | Orc:2    | Bought a potion of curing for 45 gold pieces
 21639 | Orc:2    | 21639 ||| BUYING potion of curing (45 gold).
 21639 | Orc:2    | Bought a potion of curing for 45 gold pieces
 21639 | Orc:2    | 21639 ||| BUYING potion of might (60 gold).
 21639 | Orc:2    | Bought a potion of might for 60 gold pieces
 21639 | Orc:2    | 21639 ||| BUYING potion of mutation (120 gold).
 21639 | Orc:2    | Bought a potion of mutation for 120 gold pieces
 21639 | Orc:2    | 21639 ||| BUYING potion of resistance (150 gold).
 21639 | Orc:2    | Bought a potion of resistance for 150 gold pieces
 21697 | Orc:2    | 21697 ||| Stepping ~*~*~tactically~*~*~ (outnumbered).
 21699 | Orc:2    | 21699 ||| Stepping ~*~*~tactically~*~*~ (outnumbered).
 21704 | Orc:2    | 21704 ||| Stepping ~*~*~tactically~*~*~ (outnumbered).
 21720 | Orc:2    | 21720 ||| Stepping ~*~*~tactically~*~*~ (outnumbered).
 21725 | Orc:2    | 21725 ||| Stepping ~*~*~tactically~*~*~ (outnumbered).
 21730 | Orc:2    | 21730 ||| INVOKING Heroism.
 21743 | Orc:2    | 21743 ||| Stepping ~*~*~tactically~*~*~ (outnumbered).
 21744 | Orc:2    | 21744 ||| Stepping ~*~*~tactically~*~*~ (outnumbered).
 21745 | Orc:2    | 21745 ||| Stepping ~*~*~tactically~*~*~ (outnumbered).
 21746 | Orc:2    | 21746 ||| Stepping ~*~*~tactically~*~*~ (outnumbered).
 21773 | Orc:2    | Found Gumnin's Antique Weapon Emporium.
 21775 | Orc:2    | Found Darewn's Antique Armour Shoppe.
 21782 | Orc:2    | 21782 ||| BUYING glowing orcbow (136 gold).
 21782 | Orc:2    | Bought a glowing orcbow for 136 gold pieces
 21782 | Orc:2    | 21782 ||| BUYING longbow (136 gold).
 21782 | Orc:2    | Bought a longbow for 136 gold pieces
 21782 | Orc:2    | 21782 ||| SWAPPING to +0 longbow.
 21783 | Orc:2    | 21783 ||| DROPPING +0 orcbow of electrocution.
 21784 | Orc:2    | 21784 ||| DROPPING +6 arbalest of draining.
 21791 | Orc:2    | 21791 ||| SHOPLISTING +3 hat of Pondering {ponderous, Will+
                  | MP+10 Int+5} (1143 gold, have 100).
 21791 | Orc:2    | 21791 ||| SHOPLISTING embroidered cloak (225 gold, have
                  | 100).
 21791 | Orc:2    | 21791 ||| SHOPLISTING spiked ring mail (270 gold, have
                  | 100).
 21884 | Orc:2    | 21884 ||| UPGRADING to +5 ring of evasion.
 21886 | Orc:2    | 21886 ||| DROPPING ring "Oxaffiq" {rCorr Int+5 SInv}.
 21887 | Orc:2    | 21887 ||| UPGRADING to ring of Equivalence {Drain Will+
                  | rCorr Int+2 SInv}.
 21889 | Orc:2    | 21889 ||| DROPPING +4 ring of slaying {mikee}.
 22074 | Orc:2    | 22074 ||| INVOKING Heroism.
 22190 | Orc:2    | 22190 ||| Stepping ~*~*~tactically~*~*~ (outnumbered).
 22311 | Orc:2    | 22311 ||| PLANNING SHOALS:1-3
 22433 | Shoals:1 | Entered Level 1 of the Shoals
 22450 | Shoals:1 | 22450 ||| INVOKING Heroism.
 22524 | Shoals:1 | 22524 ||| FLEEEEING.
 22525 | Shoals:1 | 22525 ||| STAIRDANCE
 22561 | Shoals:1 | 22561 ||| INVOKING Heroism.
 22615 | Shoals:1 | Noticed Mlioglotl
 22616 | Shoals:1 | 22616 ||| INVOKING Heroism.
 22644 | Shoals:1 | HP: 33/139 [Mlioglotl (14)]
 22644 | Shoals:1 | HP: 7/139 [Mlioglotl (26)]
 22645 | Shoals:1 | 22645 ||| READING 3 scrolls of teleportation.
 22645 | Shoals:1 | Mangled by a large abomination

Levels and vault maps discovered:
D:1:      mainiacjoe_arrival_reflecting_pool, layout_loops_ring, serial_forest,
          infiniplex_forest_lined_2, infiniplex_forest_end_double,
          infiniplex_forest_clump_tiny, infiniplex_forest_clump_cross,
          infiniplex_forest_clump_double, infiniplex_forest_fountain,
          infiniplex_forest_lined_room_2
D:2:      layout_basic, kennysheep_nondescript, minmay_tromino_v7
D:3:      layout_basic, basic_ecumenical_altar, serial_shops, shop
D:4:      layout_layer_cave, nicolae_uskayaw_suspiria, uniq_menkaure
D:5:      layout_basic, serial_park_tiny_2, uniq_sigmund
D:6:      layout_basic, minmay_temple_entry_stoned_glass,
          nicolae_ossuary_entry_monument
D:7:      layout_loops_corners, minmay_fire_ice_demons
D:8:      layout_rooms, uniq_maggie
D:9:      layout_roguey, grunt_gozag_statues, evilmike_ruin_ashenzari,
          grunt_temple_overflow_champion_of_chaos, kennysheep_mini_moat,
          kennysheep_windowed_goal, uniq_joseph
D:10:     layout_long_grid, kennysheep_orc_monster_closet_entryway, st_stairs_3
D:11:     layout_long_grid, lair_entry_dummy, minmay_holes, guppyfry_shop_earth,
          uniq_psyche
D:12:     layout_grid_maze, uniq_maurice
D:13:     layout_roguey, serial_shops, shop, kennysheep_generic_room_7,
          uniq_urug
D:14:     layout_long_grid, david_vaults_3, nicolae_kikubaaqudgha_miasma_corner,
          xom_teletrap_fun
D:15:     hangedman_depths_entry_civil_slaughter, layout_loops_corners,
          nicolae_vehumet_radiance
Temple:   regret_index_temple_sphere_string
Lair:1:   layout_cave_pods, grunt_forest_stairs_basic,
          chequers_serial_rivers_large_b, serial_bayou_shore_b
Lair:2:   layout_cave_pods, minmay_shoals_entry_beasts
Lair:3:   layout_cave_pods, minmay_snake_entry_guardpost_small,
          gammafunk_ghost_split, grunt_forest_large_clearings,
          lemuel_fruit_fields, uniq_fannar
Lair:4:   layout_cave_pods, nicolae_slime_entry_field_trip, basic_altar,
          minivault_23
Lair:5:   hangedman_lair_tendril_chambers, layout_loops_ring,
          hangedman_lair_caniforms_friends, wad_woods_02
Shoals:1: layout_shoals, uniq_mlioglotl
Orc:1:    layout_caves, serial_shops, nicolae_shop_mannequins
Orc:2:    grunt_orc_community_town_hall, layout_caves,
          grunt_orc_community_big_house_2, grunt_orc_community_big_house_2,
          grunt_orc_community_house_2, grunt_orc_community_house_2,
          grunt_orc_community_house_2, grunt_orc_community_house_1

Skill      XL: |  1  2  3  4  5  6  7  8  9 10 11 12 13 14 15 |
---------------+----------------------------------------------+-----
Ranged Weapons | 3 4 5 6 7 8 10 12 14 16 17 18 | 18.5
Fighting       | 2 3 4 5 7 9 11 13 16 17 | 17.0
Armour         | 3 5 6 7 |  7.6
Dodging        | 3 4 5 7 8 10 13 15 | 15.0
Invocations    | 4 7 10 | 10.0
Spellcasting   | |  1.0
Hexes          | |  2.0

Action                     |  1- 3 |  4- 6 |  7- 9 | 10-12 | 13-15 || total
---------------------------+-------+-------+-------+-------+-------++-------
   Fire: Sling             |   151 |   166 |    62 |       |       ||   379
         Shortbow          |       |       |   452 |       |       ||   452
         Arbalest          |       |       |     7 |   655 |   990 ||  1652
         Longbow           |       |       |       |       |   129 ||   129
 Invoke: Heroism           |       |       |     7 |    28 |    34 ||    69
         Finesse           |       |       |       |       |     2 ||     2
    Use: Scroll            |     1 |    10 |    14 |     8 |     9 ||    42
         Potion            |       |     3 |     9 |     5 |     3 ||    20
 Armour: Robe              |     8 |     7 |       |       |       ||    15
         Leather armour    |       |    20 |   141 |       |       ||   161
         Acid dragon scale |       |       |     1 |    92 |       ||    93
         Troll leather arm |       |       |       |    59 |   157 ||   216
  Dodge: Dodged            |    38 |    53 |   201 |   384 |   737 ||  1413

Table legend:
 A = Non-vault XP
 B = Vault XP
 C = Vault XP percentage of total XP
 D = Non-vault monster count
 E = Vault monster count
 F = Vault count percentage of total count
                 A         B        C        D         E       F
            +---------+---------+-------+---------+---------+-------
      Total |   89610 |   45505 |  33.7 |     528 |     252 |  32.3
            +---------+---------+-------+---------+---------+-------
        D:1 |      53 |       0 |   0.0 |      32 |       0 |   0.0
        D:2 |      57 |       5 |   8.1 |      18 |       3 |  14.3
        D:3 |      40 |       0 |   0.0 |      15 |       0 |   0.0
        D:4 |     394 |     183 |  31.7 |      14 |       1 |   6.7
        D:5 |     640 |     223 |  25.8 |      19 |       1 |   5.0
        D:6 |     978 |       0 |   0.0 |      17 |       0 |   0.0
        D:7 |     880 |      61 |   6.5 |      19 |       2 |   9.5
        D:8 |     750 |       0 |   0.0 |       6 |       0 |   0.0
        D:9 |    2421 |     869 |  26.4 |      45 |       5 |  10.0
       D:10 |    2317 |    1814 |  43.9 |      18 |      22 |  55.0
       D:11 |    3303 |    1022 |  23.6 |      24 |       3 |  11.1
       D:12 |    4528 |     496 |   9.9 |      14 |       1 |   6.7
       D:13 |    5105 |    1353 |  21.0 |      17 |       3 |  15.0
       D:14 |    9791 |    5590 |  36.3 |      19 |      19 |  50.0
       D:15 |   10974 |    4304 |  28.2 |      24 |       6 |  20.0
     Lair:1 |    4060 |       0 |   0.0 |      21 |       0 |   0.0
     Lair:2 |    4985 |     866 |  14.8 |      20 |       2 |   9.1
     Lair:3 |    6387 |    1742 |  21.4 |      21 |       5 |  19.2
     Lair:4 |    8669 |     169 |   1.9 |      39 |       4 |   9.3
     Lair:5 |   10750 |   21411 |  66.6 |      38 |      95 |  71.4
   Shoals:1 |    4831 |       0 |   0.0 |      10 |       0 |   0.0
      Orc:1 |    2354 |       0 |   0.0 |      30 |       0 |   0.0
      Orc:2 |    5343 |    5079 |  48.7 |      48 |      64 |  57.1
    Ossuary |       0 |     318 | 100.0 |       0 |      16 | 100.0
            +---------+---------+-------+---------+---------+-------
